 Dungeon Crawl Stone Soup version 0.26-a0-393-g67388ea477 (webtiles) character file.

Game seed: 6428925563394958506

1703 ANON1729 the Conjurer (level 8, -8/57 HPs)
             Began as a Pale Draconian Conjurer on July 22, 2020.
             Was an Initiate of Vehumet.
             Mangled by a wight
             ... wielding a cursed +0 trident
              (13 damage)
             ... on level 6 of the Dungeon.
             The game lasted 00:18:52 (8716 turns).

ANON1729 the Conjurer (Pale Draconian Conjurer)     Turns: 8716, Time: 00:18:53

Health: -8/57      AC:  7    Str: 16    XL:     8   Next: 73%
Magic:  17/17      EV: 12    Int: 20    God:    Vehumet [......]
Gold:   348        SH:  5    Dex: 10    Spells: 16/19 levels left

rFire    . . .     SeeInvis .   u - +9 long sword of Zaco {drain, rN+ Str+6}
rCold    . . .     Faith    .   w - +2 buckler
rNeg     + . .     Spirit   .   (armour unavailable)
rPois    .         Reflect  .   (helmet restricted)
rElec    .         Harm     .   k - +0 cloak
rCorr    .                      (no gloves)
MR       .....                  (no boots)
Stlth    ++........             b - amulet of the acrobat
HPRegen  0.19/turn              (no ring)
MPRegen  0.15/turn              (no ring)

@: lightly drained
A: breathe steam, unfitting armour, cold-blooded, AC +6
a: Breathe Steam, Renounce Religion


You were on level 6 of the Dungeon.
You worshipped Vehumet.
Vehumet was noncommittal.
You visited 2 branches of the dungeon, and saw 7 of its levels.

You collected 348 gold pieces.

Inventory:

Hand Weapons
 u - the +9 long sword of Zaco (weapon) {drain, rN+ Str+6}
   (You found it on level 4 of the Dungeon)

   A truly terrible weapon, it drains the life of those it strikes.
   It affects your strength (+6).
   It protects you from negative energy.
 x - a +6 trident of protection
Armour
 k - a +0 cloak (worn)
 w - a +2 buckler (worn)
Jewellery
 a - an uncursed amulet of reflection {unknown}
 b - an amulet of the acrobat (around neck)
 d - an uncursed amulet of guardian spirit
Wands
 l - a wand of paralysis (6)
 r - a wand of flame (25)
Scrolls
 c - 2 scrolls of blinking
 g - a scroll of teleportation
 j - 3 scrolls of enchant armour
 m - 4 scrolls of magic mapping
 o - 2 scrolls of identify
 t - a scroll of fear
Potions
 e - 2 potions of heal wounds {unknown}
 f - a potion of curing {unknown}
 h - a potion of lignification
 i - a potion of mutation {unknown}
 n - a potion of stabbing {unknown}
 p - a potion of resistance {unknown}
 q - 2 potions of degeneration {unknown}
 v - a potion of cancellation {unknown}


   Skills:
 + Level 4.4(4.1) Dodging
 + Level 4.8(4.5) Stealth
 + Level 1.1(0.8) Shields
 * Level 6.2(5.8) Spellcasting
 * Level 7.5(7.2) Conjurations


You had 16 spell levels left.
You knew the following spells:

 Your Spells              Type           Power        Failure   Level
a - Magic Dart            Conj           ####         1%          1
b - Searing Ray           Conj           ####..       1%          2

Your spell library contained the following spells:

 Spells                   Type           Power        Failure   Level
 Dazzling Flash           Conj/Hex       ###...       11%         3
 Freeze                   Ice            #...         16%         1
 Fulminant Prism          Conj/Hex       ###.......   36%         4
 Hailstorm                Conj/Ice       ###.....     36%         4
 Iskenderun's Mystic Bla  Conj/Tloc      ###.....     36%         4
 Frozen Ramparts          Ice            #.....       43%         3
 Ozocubu's Armour         Ice            #.......     43%         3
 Summon Ice Beast         Ice/Summ       #.......     85%         4


Dungeon Overview and Level Annotations

Branches:
Dungeon (6/15)             Temple (1/1) D:5

Altars:
Ashenzari
Cheibriados
Dithmenos
Elyvilon
Gozag
Hepliaklqana
Nemelex Xobeh
Okawaru
Ru
Sif Muna
Trog
Uskayaw
Vehumet
Wu Jian
Xom
Zin
The Shining One

Shops:
D:5 =


Innate Abilities, Weirdness & Mutations

You can breathe blasts of scalding, opaque steam.
Your pale cyan-grey scales are hard. (AC +6)
You cannot fit into any form of body armour.
You are cold-blooded and may be slowed by cold attacks.


Message History

You barely miss the wight.
The wight is almost destroyed.
The wight misses you. You block the wight's attack.
You hit the wight but do no damage.
The wight is almost destroyed.
You block the wight's attack.
The wight hits you with a +4 long sword.
The wight hits you from afar with a cursed +0 trident!
* * * LOW HITPOINT WARNING * * *
You hit the wight.
The wight is almost destroyed.
The wight barely misses you. The wight closely misses you.
You barely miss the wight.
The wight is almost destroyed.
The wight hits you with a +4 long sword!
* * * LOW HITPOINT WARNING * * *
You partially resist.
You feel drained. You block the wight's attack.
The wight hits you but does no damage.
The wight hits you from afar with a cursed +0 trident!
You die...

##.........##
#.......####
#....#### ###
###..## #..##..###
#....## #...##
###..:.
###.######.......
#..@# #..........
#.z## #..........
#.z.# #..........
##...###.(........
#....z##..........
#...#.z#..!.......
#...##............
#...###...........
#...# ##.........#


You could see 2 wights.

Vanquished Creatures
  A sky beast (D:6)
  2 ogres
  A centaur (D:5)
  Blork the orc (D:4)
  2 gnoll sergeants (D:5)
  A water moccasin skeleton (D:5)
  4 wights (D:6)
  A quasit (D:6)
  4 hounds (D:5)
  A bullfrog zombie (D:6)
  A jelly (D:5)
  2 bullfrog skeletons (D:5)
  3 gnoll shamans (D:5)
  A centaur skeleton (D:6)
  Jessica (D:3)
  2 worker ants
  A hound skeleton (D:6)
  A worker ant zombie (D:5)
  Robin (D:3)
  25 gnolls
  7 adders
  2 white imps
  An ooze (D:3)
  2 worms
  3 dart slugs
  8 leopard geckos
  7 orcs
  3 ball pythons
  11 bats
  2 giant cockroaches (D:3)
  17 goblins
  8 hobgoblins
  20 jackals
  2 quokkas
  7 frilled lizards
  12 kobolds
  7 rats
175 creatures vanquished.

Notes
Turn   | Place    | Note
-------+----------+-------------------------------------------
     0 | D:1      | ANON1729 the Draconian Conjurer began the quest for the
                  | Orb.
     0 | D:1      | Reached XP level 1. HP: 14/14 MP: 3/3
   271 | D:1      | Reached XP level 2. HP: 19/20 MP: 5/5
   522 | D:1      | Learned a level 2 spell: Searing Ray
   752 | D:1      | Reached XP level 3. HP: 26/26 MP: 6/6
  1149 | D:2      | Found a shimmering altar of Xom.
  1263 | D:2      | Found a bloodstained altar of Trog.
  1473 | D:2      | Found a shadowy altar of Dithmenos.
  1601 | D:2      | Reached XP level 4. HP: 21/33 MP: 8/8
  2218 | D:3      | Noticed Jessica
  2231 | D:3      | Killed Jessica
  2762 | D:3      | Noticed Robin
  2793 | D:3      | Reached XP level 5. HP: 14/38 MP: 3/9
  2795 | D:3      | Killed Robin
  3061 | D:3      | Found a shimmering blue altar of Sif Muna.
  3216 | D:3      | Found a sacrificial altar of Ru.
  3563 | D:4      | Reached skill level 5 in Conjurations
  3974 | D:4      | Noticed Blork the orc
  3983 | D:4      | Killed Blork the orc
  3983 | D:4      | Reached XP level 6. HP: 39/45 MP: 3/11
  3995 | D:4      | Got an iridescent mace
  3996 | D:4      | Identified the cursed +0 mace "Veom Hawk" {flame, +Inv
                  | Str-2 Dex+8 Stlth+} (You found it on level 4 of the
                  | Dungeon)
  4131 | D:4      | Got a glimmering long sword
  5430 | D:5      | Entered Level 5 of the Dungeon
  5557 | D:5      | Your scales start taking on a pale cyan-grey colour.
  5557 | D:5      | Reached XP level 7. HP: 46/50 MP: 3/13
  5765 | D:5      | Found Jacrappi's Jewellery Shop.
  5770 | D:5      | Reached skill level 6 in Conjurations
  6689 | D:5      | Reached skill level 5 in Spellcasting
  6930 | D:5      | Reached XP level 8. HP: 57/57 MP: 11/15
  7143 | D:5      | Found a staircase to the Ecumenical Temple.
  7158 | Temple   | Entered the Ecumenical Temple
  7366 | Temple   | Became a worshipper of Vehumet
  7389 | D:5      | Found an opulent altar of Gozag.
  7656 | D:5      | Reached skill level 7 in Conjurations
  8443 | D:6      | Identified the +9 long sword of Zaco {drain, rN+ Str+6}
                  | (You found it on level 4 of the Dungeon)
  8703 | D:6      | Reached skill level 1 in Shields
  8716 | D:6      | Mangled by a wight

Illustrated notes

Levels and vault maps discovered:
D:1:      lemuel_arrival_behind_the_door_large, layout_loops_corners,
          minmay_liquid_box
D:2:      layout_basic, old_standard_altar,
          nicolae_dithmenos_through_a_glass_darkly, chequers_jeans,
          chequers_serial_rivers_small_3, xom_teletrap_fun
D:3:      layout_loops_corners, old_standard_altar, marbit_many_paths,
          uniq_jessica, uniq_robin
D:4:      layout_basic, uniq_blork_the_orc
D:5:      layout_cave_pods, temple_green, serial_shops, shop, serial_gnoll_camp,
          gnoll_camp_huts_basic, gnoll_camp_mini_hut, gnoll_camp_mini_doghouse,
          gnoll_camp_mini_doghouse, nicolae_gozag_seed_capital
D:6:      layout_cave_pods
Temple:   nicolae_temple_figure_eight

Skill      XL: |  1  2  3  4  5  6  7  8 |
---------------+-------------------------+-----
Stealth        | 2 3 4 |  4.8
Dodging        | 2 3 4 |  4.4
Spellcasting   | 3 4 5 6 |  6.2
Conjurations   | 5 6 7 |  7.5
Shields        | 1 |  1.1

Action                   |  1- 3 |  4- 6 |  7- 9 || total
-------------------------+-------+-------+-------++-------
Melee: Spear             |   209 |   222 |       ||   431
       Tailslap          |     9 |    19 |    15 ||    43
       Mace              |       |    72 |   115 ||   187
       Long sword        |       |       |    40 ||    40
 Cast: Searing Ray       |     1 |     9 |    14 ||    24
       Magic Dart        |       |     2 |    20 ||    22
 Abil: Breathe Steam     |       |       |    12 ||    12
Evoke: Wand              |       |       |     2 ||     2
  Use: Potion            |       |     1 |       ||     1
       Scroll            |       |     8 |     2 ||    10
 Stab: Sleeping          |     8 |    12 |     1 ||    21
       Distracted        |       |       |     2 ||     2
       Paralysed         |       |       |     2 ||     2
Armor: Skin              |    65 |   100 |    76 ||   241
Dodge: Dodged            |   133 |   239 |   226 ||   598
Block: Buckler           |       |       |    19 ||    19
       Rpst.: Long sword |       |       |    10 ||    10

Table legend: (Time is in decaauts)
 A = Elapsed time spent in this place.
 B = Non-inter-level travel time spent in this place.
 C = Inter-level travel time spent in this place.
 D = Time resting spent in this place.
 E = Time spent auto-exploring this place.
 F = Levels seen in this place.
 G = Mean time per level.
                   A        B        C        D        E       F      G
               +--------+--------+--------+--------+--------+-----+--------+
         Total |   8857 |   8559 |    298 |   3408 |   3393 |   7 | 1265.3 |
       Dungeon |   8629 |   8376 |    253 |   3408 |   3212 |   6 | 1438.2 |
        Temple |    227 |    182 |     45 |      0 |    181 |   1 |  227.0 |
               +--------+--------+--------+--------+--------+-----+--------+

Top non-repeatable levels by time:
     D:5: 2282 daAuts
     D:3: 1897 daAuts
     D:4: 1819 daAuts
     D:1: 1155 daAuts
     D:2: 934 daAuts
     D:6: 541 daAuts
  Temple: 227 daAuts
